AoeStats
← caesarcaesar

Oasis

509520244Analyzed
2v2 RM · 4d ago on Sep 27, 2026· 50m 39s· 4 players
Game mode
Random Map
Map size
Medium (4 player)
Population
200
Speed
Normal
Resources
Standard
Victory
Conquest
Starting age
Dark Age
Ending age
Imperial Age
RankedLock teamsTeams togetherTeam positionsShared explorationLock speedFull tech treeHidden civsTurbo modeCheats
Victory
Defeat
🇨🇳 Celts · China
1251
+18
🇺🇸 Spanish · United States
1219
+19
🇲🇽 Mapuche · Mexico
1295
-19
🇺🇸 Japanese · United States
1281
-18
caesarcaesar
9:46 Feudal Age
10:15 Double-Bit Axe
15:11 Castle Age
13:28 Stone Mining
14:33 Loom
16:10 Bow Saw
16:10 Horse Collar
21:22 Wheelbarrow
23:43 Gold Mining
24:11 Town Watch
24:33 Padded Archer Armor
24:45 Heavy Plow
26:59 Leather Archer Armor
26:34 Fletching
27:48 Hand Cart
32:02 Imperial Age
29:44 Husbandry
29:56 Bloodlines
29:55 Scale Barding Armor
30:41 Forging
31:11 Bodkin Arrow
32:26 Thumb Ring
33:06 Conscription
32:48 Cavalier
33:01 Elite Skirmisher
34:38 Ring Archer Armor
34:45 Iron Casting
34:44 Bracer
35:07 Ballistics
34:58 Masonry
36:48 Chemistry
36:41 Sanctity
36:32 Fervor
37:31 Chain Barding Armor
39:15 Paladin
44:52 Plate Barding Armor
45:19 Blast Furnace
48:26 Hoardings
49:03 Bombard Tower
49:14 Architecture
228811348
2:11 Loom
12:07 Feudal Age
13:27 Wheelbarrow
12:14 Man-at-Arms
12:52 Double-Bit Axe
12:59 Horse Collar
13:15 Arson
15:12 Gold Mining
21:14 Castle Age
19:45 Stone Mining
21:17 Forging
21:28 Scale Mail Armor
21:22 Long Swordsman
22:38 Iron Casting
22:19 Bow Saw
22:13 Gambesons
23:10 Chain Mail Armor
23:39 Heavy Plow
23:45 Pikeman
27:25 Gold Shaft Mining
31:52 Imperial Age
30:04 Fletching
32:08 Stone Shaft Mining
33:20 Plate Mail Armor
34:06 Caravan
34:34 Hand Cart
36:26 Blast Furnace
35:18 Halberdier
36:31 Capped Ram
37:34 Town Watch
37:51 Bodkin Arrow
38:56 Siege Engineers
39:13 Ballistics
40:56 Hoardings
40:37 Masonry
40:23 Siege Ram
41:30 Two-Handed Swordsman
43:25 Conscription
43:18 Furor Celtica
44:33 Scale Barding Armor
45:02 Heavy Scorpion
46:00 Stronghold
46:10 Stronghold
46:48 Chain Barding Armor
47:09 Elite Woad Raider
50:10 Murder Holes
51:16 Chemistry
NaginiKill
5:00 Loom
13:12 Feudal Age
13:14 Man-at-Arms
21:15 Stone Mining
21:45 Double-Bit Axe
23:27 Wheelbarrow
22:34 Horse Collar
23:50 Fletching
28:41 Castle Age
31:21 Murder Holes
34:41 Bow Saw
35:09 Heavy Plow
36:52 Forging
36:47 Scale Mail Armor
39:48 Iron Casting
40:06 Chain Mail Armor
45:44 Hand Cart
[inkas'A] jony567
7:00 Loom
9:48 Feudal Age
15:40 Castle Age
14:17 Double-Bit Axe
14:21 Horse Collar
16:51 Bow Saw
26:28 Fletching
28:30 Bodkin Arrow
29:39 Padded Archer Armor
31:24 Ballistics
32:04 Wheelbarrow
31:32 Heavy Plow
31:25 Gold Mining
32:55 Malon
34:13 Leather Archer Armor
38:24 Imperial Age
36:16 Elite Skirmisher
38:20 Gold Shaft Mining
38:05 Hand Cart
38:27 Elite Bolas Rider
40:23 Chemistry
39:51 Conscription
40:58 Capped Ram
43:04 Onager
Connection lost

Rejoining the realm…

Still unreachable

The connection could not be restored.

Session expired

The server has moved on; the page needs a fresh start.